 Dungeon Crawl Stone Soup version 0.25-a0-294-gea9b1ad378 (webtiles) character file.

Game seed: 13707063002886492605, levelgen mode: deterministic

315 MoonlitKnight the Charmwright (level 6, -2/51 HPs)
             Began as a Gnoll Skald on Dec 16, 2019.
             Killed from afar by an orc wizard (4 damage)
             ... with a magic dart
             ... on level 3 of the Dungeon.
             The game lasted 00:05:26 (2883 turns).

MoonlitKnight the Charmwright (Gnoll Skald)         Turns: 2883, Time: 00:05:26

Health: -2/51      AC:  5    Str: 14    XL:     6   Next: 43%
Magic:  28/29      EV: 13    Int: 16    God:
Gold:   192        SH:  4    Dex: 15    Spells: 4/15 levels left

rFire    . . .     SeeInvis .   t - staff of power
rCold    . . .     Gourm    .   r - +0 buckler
rNeg     . . .     Faith    .   p - +0 ring mail
rPois    .         Spirit   .   (no helmet)
rElec    .         Reflect  .   (no cloak)
rCorr    .         Harm     .   (no gloves)
MR       .....                  (no boots)
Stlth    +.........             (no amulet)
HPRegen  0.17/turn              (no ring)
MPRegen  0.21/turn              (no ring)

@: no status effects
A: distributed training, fangs 1, strong nose
a: no special abilities


You were on level 3 of the Dungeon.
You were not hungry.

You visited 1 branch of the dungeon, and saw 4 of its levels.

You collected 192 gold pieces.

Inventory:

Hand Weapons
 a - a +0 spear
Missiles
 l - 85 sling bullets
Armour
 p - a +0 ring mail (worn)
 r - a +0 buckler (worn)
Magical Staves
 t - an uncursed staff of power (weapon)
Scrolls
 b - a scroll of noise {unknown}
 g - 3 scrolls of remove curse {unknown}
 h - a scroll of fear {unknown}
 i - a scroll of immolation {unknown}
 o - a scroll of blinking {unknown}
 s - 3 scrolls of identify {unknown}
Potions
 e - a potion of magic {unknown}
 f - 4 potions of curing {unknown}
 j - 3 potions of agility {unknown}
 k - 2 potions of degeneration {unknown}
 m - a potion of resistance {unknown}
 n - 2 potions of heal wounds {unknown}
 q - a potion of might {unknown}
Comestibles
 d - 4 rations


   Skills:
 + Level 5.0 Fighting
 + Level 1.9 Short Blades
 + Level 1.9 Long Blades
 + Level 1.9 Axes
 + Level 1.9 Maces & Flails
 + Level 5.0 Polearms
 + Level 1.9 Staves
 + Level 1.9 Slings
 + Level 1.9 Bows
 + Level 1.9 Crossbows
 + Level 1.9 Throwing
 + Level 3.2 Armour
 + Level 5.0 Dodging
 + Level 1.9 Stealth
 + Level 1.9 Shields
 + Level 1.9 Unarmed Combat
 + Level 5.3 Spellcasting
 + Level 1.5 Conjurations
 + Level 1.5 Hexes
 + Level 5.6 Charms
 + Level 1.5 Summonings
 + Level 1.5 Necromancy
 + Level 1.5 Translocations
 + Level 1.5 Transmutations
 + Level 1.5 Fire Magic
 + Level 1.5 Ice Magic
 + Level 1.5 Air Magic
 + Level 1.5 Earth Magic
 + Level 1.5 Poison Magic
 + Level 2.1 Invocations
 + Level 1.9 Evocations


You had 4 spell levels left.
You knew the following spells:

 Your Spells              Type           Power        Failure   Level  Hunger
a - Infusion              Chrm           ###.         3%          1    None
b - Shroud of Golubria    Chrm/Tloc      ###...       13%         2    #......
c - Spectral Weapon       Hex/Chrm       ###.....     26%         3    ###....
d - Regeneration          Chrm/Necr      ###.......   26%         3    ###....
e - Song of Slaying       Chrm           ###.....     5%          2    #......

Your spell library contained the following spells:

 Spells                   Type           Power        Failure   Level  Hunger


Dungeon Overview and Level Annotations

Branches:
Dungeon (4/15)
 Temple: D:4-7

Altars:
Makhleb


Innate Abilities, Weirdness & Mutations

Your experience applies equally to all skills.
You have very sharp teeth.
Your uncanny sense of smell can sniff out nearby items.


Message History

The puff of flame misses you.
You're too confused to move!
You hear some strange, mumbled words.
A puff of flame appears from out of thin air!
The puff of flame hits you.
* * * LOW HITPOINT WARNING * * *
You're too confused to cast spells.
Drop what? 19/52 slots (_ for help) (? for menu, Esc to quit)
Okay, then.
You're too confused to cast spells.
Drop what? 19/52 slots (_ for help) (? for menu, Esc to quit)
Okay, then.
You miss something.
You feel less confused. Something barely misses you.
You miss something. Something hits you but does no damage.
You hear some strange, mumbled words.
A magic dart appears from out of thin air!
The magic dart hits you.
You die...

#.##.####......# #..... .#.#.#
#......# ##.#.# ###..# #####..#
######.... .#.#.# #..# #........#
.....# ###..#########.#####..#
.....######.......[......# #..#
..............>#.#############...
.....######.#.......###..........
.รท...# ##.#....@.......######.##
###..####.###...{...###### #.#
#......#####...........#####.##
#.####.........)...............
#.# #.#.#)........########.###
#.####.##.#........# #.#
#..............#.#.########.###
######.##.##.###.#.....#.......
#.##.##.###.#####.#.#####.


There were no monsters in sight!

Vanquished Creatures
  Sigmund (D:3)
  An orc wizard (D:3)
  Terence (D:3)
  4 adders
  An ooze (D:3)
  A worm (D:3)
  4 leopard geckos
  An orc (D:3)
  2 ball pythons (D:3)
  2 giant cockroaches (D:1)
  7 goblins
  4 hobgoblins
  4 jackals (D:1)
  3 quokkas (D:3)
  7 bats
  3 frilled lizards
  6 kobolds
  6 rats
58 creatures vanquished.

Vanquished Creatures (others)
  2 spectral weapons
2 creatures vanquished.

Grand Total: 60 creatures vanquished

Notes
Turn   | Place    | Note
-------+----------+-------------------------------------------
     0 | D:1      | MoonlitKnight the Gnoll Skald began the quest for the Orb.
     0 | D:1      | Reached XP level 1. HP: 20/20 MP: 6/6
    77 | D:1      | Reached XP level 2. HP: 22/26 MP: 7/7
   464 | D:1      | Learned a level 2 spell: Shroud of Golubria
   664 | D:1      | Reached XP level 3. HP: 29/31 MP: 6/9
   681 | D:1      | Learned a level 3 spell: Spectral Weapon
   685 | D:1      | Learned a level 3 spell: Regeneration
   688 | D:1      | Learned a level 2 spell: Song of Slaying
   718 | D:1      | Reached skill level 5 in Spellcasting
  1260 | D:2      | Reached skill level 1 in Invocations
  1300 | D:2      | Reached skill level 1 in Short Blades
  1300 | D:2      | Reached skill level 1 in Long Blades
  1300 | D:2      | Reached skill level 1 in Axes
  1300 | D:2      | Reached skill level 1 in Maces & Flails
  1300 | D:2      | Reached skill level 1 in Staves
  1300 | D:2      | Reached skill level 1 in Slings
  1300 | D:2      | Reached skill level 1 in Bows
  1300 | D:2      | Reached skill level 1 in Crossbows
  1300 | D:2      | Reached skill level 1 in Throwing
  1300 | D:2      | Reached skill level 1 in Stealth
  1300 | D:2      | Reached skill level 1 in Shields
  1300 | D:2      | Reached skill level 1 in Unarmed Combat
  1300 | D:2      | Reached skill level 1 in Evocations
  1576 | D:2      | Reached XP level 4. HP: 38/38 MP: 7/11
  1821 | D:3      | Noticed Terence
  1829 | D:3      | Killed Terence
  1829 | D:3      | Reached skill level 1 in Conjurations
  1829 | D:3      | Reached skill level 1 in Hexes
  1829 | D:3      | Reached skill level 1 in Summonings
  1829 | D:3      | Reached skill level 1 in Necromancy
  1829 | D:3      | Reached skill level 1 in Translocations
  1829 | D:3      | Reached skill level 1 in Transmutations
  1829 | D:3      | Reached skill level 1 in Fire Magic
  1829 | D:3      | Reached skill level 1 in Ice Magic
  1829 | D:3      | Reached skill level 1 in Air Magic
  1829 | D:3      | Reached skill level 1 in Earth Magic
  1829 | D:3      | Reached skill level 1 in Poison Magic
  1963 | D:3      | Noticed Sigmund
  1982 | D:3      | Killed Sigmund
  1982 | D:3      | Reached XP level 5. HP: 9/43 MP: 0/12
  1982 | D:3      | Reached XP level 6. HP: 10/50 MP: 0/13
  2461 | D:3      | Found a faded altar of an unknown god.
  2632 | D:3      | Found a burning altar of Makhleb.
  2868 | D:3      | Reached skill level 5 in Fighting
  2868 | D:3      | Reached skill level 5 in Polearms
  2868 | D:3      | Reached skill level 5 in Dodging
  2880 | D:3      | HP: 2/51 [something/puff of flame (6)]
  2883 | D:3      | Killed from afar by an orc wizard

Levels and vault maps discovered:
D:1:      tarquinn_simple_flora_water_e, layout_basic
D:2:      layout_loops_ring
D:3:      layout_loops_ring, lemuel_round_altar,
          chequers_ecumenical_altar_simple, uniq_sigmund, uniq_terence
D:4:      layout_cave_pools

Skill      XL: |  1  2  3  4  5  6 |
---------------+-------------------+-----
Spellcasting   | 5 |  5.3
Invocations    | 1 2 |  2.1
Short Blades   | 1 |  1.9
Long Blades    | 1 |  1.9
Axes           | 1 |  1.9
Maces & Flails | 1 |  1.9
Staves         | 1 |  1.9
Slings         | 1 |  1.9
Bows           | 1 |  1.9
Crossbows      | 1 |  1.9
Throwing       | 1 |  1.9
Stealth        | 1 |  1.9
Shields        | 1 |  1.9
Unarmed Combat | 1 |  1.9
Evocations     | 1 |  1.9
Conjurations   | 1 |  1.5
Hexes          | 1 |  1.5
Summonings     | 1 |  1.5
Necromancy     | 1 |  1.5
Translocations | 1 |  1.5
Transmutations | 1 |  1.5
Fire Magic     | 1 |  1.5
Ice Magic      | 1 |  1.5
Air Magic      | 1 |  1.5
Earth Magic    | 1 |  1.5
Poison Magic   | 1 |  1.5
Armour         | 3 |  3.2
Fighting       | 5 |  5.0
Polearms       | 5 |  5.0
Dodging        | 5 |  5.0
Charms         | |  5.6

Action                   |  1- 3 |  4- 6 || total
-------------------------+-------+-------++-------
Melee: Spear             |   146 |    90 ||   236
       Bite              |    17 |     7 ||    24
       Staff             |       |    10 ||    10
       Punch             |       |     1 ||     1
 Cast: Shroud of Golubri |     1 |     2 ||     3
       Infusion          |     2 |     3 ||     5
       Spectral Weapon   |     1 |     4 ||     5
       Regeneration      |       |     1 ||     1
 Stab: Sleeping          |     2 |     1 ||     3
  Eat: Chunk             |     2 |     5 ||     7
Armor: Leather armour    |    25 |       ||    25
       Ring mail         |     3 |    16 ||    19
Dodge: Dodged            |    79 |    34 ||   113
Block: Buckler           |       |    10 ||    10

Table legend:
 A = Non-vault XP
 B = Vault XP
 C = Vault XP percentage of total XP
 D = Non-vault monster count
 E = Vault monster count
 F = Vault count percentage of total count
                 A         B        C        D         E       F
            +---------+---------+-------+---------+---------+-------
      Total |     191 |     259 |  57.6 |      56 |       2 |   3.4
            +---------+---------+-------+---------+---------+-------
        D:1 |      42 |       0 |   0.0 |      24 |       0 |   0.0
        D:2 |      52 |       0 |   0.0 |      11 |       0 |   0.0
        D:3 |      97 |     259 |  72.8 |      21 |       2 |   8.7
            +---------+---------+-------+---------+---------+-------
